 Dungeon Crawl Stone Soup version 0.29.1-12-g30fa7ad0bf (webtiles) character file.

Game seed: 11490236455577252515

49 booth the Chopper (level 3, -1/27 HPs)
             Began as a Demonspawn Gladiator on Dec 22, 2022.
             Slain by a ball python (3 damage)
             ... on level 2 of the Dungeon.
             The game lasted 00:11:03 (1679 turns).

booth the Chopper (Demonspawn Gladiator)            Turns: 1679, Time: 00:11:04

Health: -1/27      AC:  3    Str: 16    XL:     3   Next: 53%
Magic:  3/3        EV: 12    Int:  9    God:
Gold:   30         SH:  0    Dex: 14    Spells: 2/2 levels left

rFire   . . .      SeeInvis .   a - +0 war axe
rCold   . . .      Faith    .   (no shield)
rNeg    . . .      Spirit   .   b - +0 leather armour
rPois   .          Reflect  .   (helmet restricted)
rElec   .          Harm     .   (no cloak)
rCorr   .          Rampage  .   (no gloves)
Will    .....                   (no boots)
Stlth   +.........              (no amulet)
HPRegen 0.09/turn               (no ring)
MPRegen 0.08/turn               (no ring)

@: no status effects
A: horns 2
a: no special abilities


You were on level 2 of the Dungeon.
You visited 1 branch of the dungeon, and saw 2 of its levels.

You collected 52 gold pieces.
You spent 22 gold pieces at shops.

Inventory:

Hand Weapons
 a - a +0 war axe (weapon)
 g - a +0 mace
Missiles
 d - 3 throwing nets (quivered)
 e - a javelin
 k - 8 poisoned darts
 l - 3 boomerangs
Armour
 b - a +0 leather armour (worn)
Scrolls
 c - a scroll of teleportation {unknown}
 j - a scroll of identify
Potions
 f - a potion of resistance
 h - a potion of cancellation
 i - a potion of mutation {unknown}


   Skills:
 + Level 2.1 Fighting
 * Level 3.6 Axes
 + Level 1.7 Throwing
 + Level 0.9 Armour
 + Level 2.9 Dodging
 + Level 0.5 Stealth


You had 2 spell levels left.
You didn't know any spells.
Your spell library was empty.

Dungeon Overview and Level Annotations

Branches:
Dungeon (2/15)

Altars:

Shops:
D:1 (   D:2 ((=??


Innate Abilities, Weirdness & Mutations

You have a pair of horns on your head.


Message History

The adder barely misses you.
You barely miss the adder. You headbutt the adder.
You kill the adder!
The ball python bites you.
* * * LOW HITPOINT WARNING * * *
The ball python grabs you. The ball python constricts you.
You hit the ball python.
The ball python is moderately wounded.
The ball python bites you.
* * * LOW HITPOINT WARNING * * *
The ball python constricts you.
* * * LOW HITPOINT WARNING * * *
You barely miss the ball python. Your headbutt misses the ball python.
The ball python is moderately wounded.
The ball python barely misses you. The ball python constricts you.
* * * LOW HITPOINT WARNING * * *
The ball python barely misses you. The ball python constricts you.
* * * LOW HITPOINT WARNING * * *
You barely miss the ball python.
The ball python is moderately wounded.
The ball python bites you but does no damage.
The ball python constricts you.
* * * LOW HITPOINT WARNING * * *
The ball python bites you but does no damage.
The ball python constricts you.
* * * LOW HITPOINT WARNING * * *
You escape the ball python's grasp.
The ball python attacks as you move away!
The ball python barely misses you. The ball python closely misses you.
You see here a worm corpse.
The ball python attacks as you move away!
The ball python misses you.
The ball python attacks as you move away!
The ball python closely misses you. The ball python completely misses you.
The ball python bites you but does no damage.
The ball python grabs you. The ball python constricts you.
You escape the ball python's grasp.
The ball python attacks as you move away!
The ball python bites you.
You die...

######## # #......# ## .#.
############.....<#######. ....
#...†...S@.'.....<+.......
.....###...########......###.....
....._.....# ######.........
.....###...# #.......## ....
#...# #.......# .#. #...#
#.####### # #...# #.# #.### #.#
#.. ### #.###


You could see a ball python.

Vanquished Creatures
  An adder (D:2)
  A worm (D:2)
  A dart slug (D:1)
  3 ball pythons
  2 endoplasms (D:1)
  3 giant cockroaches (D:1)
  2 goblins
  4 hobgoblins
  4 quokkas
  5 bats
  A frilled lizard (D:1)
  2 kobolds (D:1)
  3 rats (D:1)
32 creatures vanquished.

Vanquished Creatures (others)
  A fungus (D:1)
1 creature vanquished.

Grand Total: 33 creatures vanquished

Notes
Turn   | Place    | Note
-------+----------+-------------------------------------------
     0 | D:1      | booth the Demonspawn Gladiator began the quest for the Orb.
     0 | D:1      | Reached XP level 1. HP: 16/16 MP: 1/1
   324 | D:1      | Reached skill level 3 in Axes
   338 | D:1      | Gained mutation: You have a pair of small horns on your
                  | head. [demonic ancestry]
   338 | D:1      | Reached XP level 2. HP: 19/22 MP: 2/2
   478 | D:1      | Found Miav's Weapon Boutique.
   945 | D:1      | Gained mutation: You have a pair of horns on your head.
                  | [demonic ancestry]
   945 | D:1      | Reached XP level 3. HP: 18/27 MP: 3/3
  1207 | D:2      | Found Epeyff's Weapon Shop.
  1255 | D:2      | Found Kuifoe's Magic Scroll Shoppe.
  1404 | D:2      | Found Feph's Magic Scroll Emporium.
  1412 | D:2      | Bought a scroll of identify for 22 gold pieces
  1463 | D:2      | Found Ynunug's Antique Weapon Emporium.
  1492 | D:2      | Found Eschaec's Jewellery Shop.
  1630 | D:2      | Found a faded altar of an unknown god.
  1668 | D:2      | HP: 1/27 [constriction (1)]
  1679 | D:2      | Slain by a ball python

Illustrated notes

Levels and vault maps discovered:
D:1:      dpeg_cavernosity, layout_basic, serial_shops,
          nicolae_shop_bloodbath_and_beyond, st_stairs_4
D:2:      layout_basic, shapermc_ecumenical_altar_mp_highgroup, serial_shops,
          shop, shop, shop_statue, shop, nicolae_shop_advertising_works
          [nicolae_subvault_shop_adworks]

Skill      XL: |  1 |
---------------+----+-----
Axes           | 3 |  3.6
Fighting       | |  2.1
Throwing       | |  1.7
Armour         | |  0.9
Dodging        | |  2.9
Stealth        | |  0.5

Action                   || total
-------------------------++-------
Melee: War axe           ||    88
       Headbutt          ||     7
  Use: Scroll            ||     4
       Potion            ||     1
 Stab: Sleeping          ||     1
Armor: Leather armour    ||    27
Dodge: Dodged            ||    60
